| TOP OF THE 1ST |
|
Hudson Valley Renegades batting - Pitching for Tri-City ValleyCats : LHP Jason Mitchell
|
|
Pitching: LHP Jason Mitchell
|
|
|
Batting: RHB Wan-ling Zhu
|
0-0: SINGLE (Groundball, 6MD, EV 103.1 MPH)
|
|
Batting: RHB Kunizo Yanagisawa
|
0-0: Ball 1-0: Ball 2-0: Ball 3-0: Base on Balls Wan-ling Zhu to second
|
|
Batting: RHB Joe Hartigan
|
0-0: Ball 1-0: Called Strike 1-1: SINGLE (Groundball, 4MD, EV 99.4 MPH) Wan-ling Zhu to third Kunizo Yanagisawa to second
|
|
Batting: RHB Alex Koral
|
0-0: Ball 1-0: Ball 2-0: Fly out, F8 (Flyball, 89D, EV 92.5 MPH)
|
|
Batting: SHB Joshua Jackson
|
0-0: Ball 1-0: Ball 2-0: Ball 3-0: Base on Balls Wan-ling Zhu scores Kunizo Yanagisawa to third Joe Hartigan to second
|
|
Batting: RHB Mikey Sano
|
0-0: Ball 1-0: Ball 2-0: Called Strike 2-1: Ground out 5-3 (Groundball, 56S, EV 60.6 MPH) Kunizo Yanagisawa scores Joe Hartigan to third Joshua Jackson to second
|
|
Batting: LHB Jonathan Spino
|
0-0: Ball 1-0: Ball 2-0: Ball 3-0: Called Strike 3-1: Base on Balls
|
|
Batting: RHB Chris Glavin
|
0-0: Called Strike 0-1: Ball 1-1: Ball 2-1: Ball 3-1: Swinging Strike 3-2: Foul Ball, location: 2F 3-2: Foul Ball, location: 2F 3-2: Strikes out looking
|
| Top of the 1st over - 2 runs, 2 hits, 0 errors, 3 left on base; Hudson Valley 2 - Tri-City 0 |
| BOTTOM OF THE 1ST |
|
Tri-City ValleyCats batting - Pitching for Hudson Valley Renegades : LHP Kazuyoshi Miyazaki
|
|
Pitching: LHP Kazuyoshi Miyazaki
|
|
|
Batting: SHB Benoît Morin
|
0-0: Ball 1-0: Ball 2-0: Called Strike 2-1: Ground out 4-3 (Groundball, 34, EV 105.0 MPH)
|
|
Batting: RHB Lamar Thornton
|
0-0: Ball 1-0: Foul Ball, location: 2F 1-1: Foul Ball, location: 2F 1-2: Ball 2-2: Foul Ball, location: 2F 2-2: Foul Ball, location: 2F 2-2: Foul Ball, location: 2F 2-2: Ground out 5-3 (Groundball, 56S, EV 70.0 MPH)
|
|
Batting: RHB Yi-lin Niu
|
0-0: Foul Ball, location: 2F 0-1: Swinging Strike 0-2: Ball 1-2: Ball 2-2: Ball 3-2: DOUBLE (Line Drive, 89XD, EV 102.5 MPH)
|
|
Batting: RHB Pat McCoy
|
0-0: Foul Ball, location: 2F 0-1: SINGLE (Groundball, 4, EV 98.1 MPH) Yi-lin Niu to third Runner from 3rd tries for Home, SAFE, throw by RF to home
|
|
Batting: RHB Keith Goodwin
|
0-0: Called Strike 0-1: Called Strike 0-2: Hit by Pitch Pat McCoy to second
|
|
Batting: RHB Dave Gallegos
|
0-0: Called Strike 0-1: Ball 1-1: Swinging Strike 1-2: Fielders Choice at 2nd, 5-4 (Groundball, 56, EV 100.6 MPH)
|
| Bottom of the 1st over - 1 run, 2 hits, 0 errors, 2 left on base; Hudson Valley 2 - Tri-City 1 |
| TOP OF THE 2ND |
|
Hudson Valley Renegades batting - Pitching for Tri-City ValleyCats : LHP Jason Mitchell
|
|
Batting: RHB Greg Grayson
|
0-0: Foul Ball, location: 2F 0-1: Ground out 6-3 (Groundball, 6, EV 80.0 MPH)
|
|
Batting: RHB Wan-ling Zhu
|
0-0: Called Strike 0-1: Ball 1-1: Called Strike 1-2: Strikes out swinging, 2-3 out at first.
|
|
Batting: RHB Kunizo Yanagisawa
|
0-0: Called Strike 0-1: Fly out, F9 (Flyball, 9D, EV 96.2 MPH)
|
| Top of the 2nd over - 0 runs, 0 hits, 0 errors, 0 left on base; Hudson Valley 2 - Tri-City 1 |
| BOTTOM OF THE 2ND |
|
Tri-City ValleyCats batting - Pitching for Hudson Valley Renegades : LHP Kazuyoshi Miyazaki
|
|
Batting: SHB Terciero Ortiz
|
0-0: Ball 1-0: Foul Ball, location: 2F 1-1: Foul Ball, location: 2F 1-2: Ground out 6-3 (Groundball, 6, EV 97.5 MPH)
|
|
Batting: LHB Tomas de Zeeuw
|
0-0: TRIPLE (Flyball, 9LD, EV 98.1 MPH)
|
|
Batting: LHB Lu-po-teh Zhou
|
0-0: Foul Ball, location: 2F 0-1: Swinging Strike 0-2: Ball 1-2: Strikes out swinging
|
|
Batting: SHB Benoît Morin
|
0-0: Ball 1-0: SINGLE (Flyball, 3D, EV 90.6 MPH) Tomas de Zeeuw scores
|
|
Batting: RHB Lamar Thornton
|
0-0: Ball 1-0: SINGLE (Groundball, 6D, EV 96.9 MPH) Benoît Morin to second Runner from 2nd tries for 3rd, SAFE, no throw by CF
|
|
Batting: RHB Yi-lin Niu
|
0-0: Called Strike 0-1: Foul Ball, location: 2F 0-2: Foul Ball, location: 2F 0-2: SINGLE (Groundball, 6D, EV 98.8 MPH) Benoît Morin scores Lamar Thornton to second
|
|
Batting: RHB Pat McCoy
|
0-0: Called Strike 0-1: Fly out, F8 (Flyball, 8RXD, EV 90.6 MPH)
|
| Bottom of the 2nd over - 2 runs, 4 hits, 0 errors, 2 left on base; Hudson Valley 2 - Tri-City 3 |
| TOP OF THE 3RD |
|
Hudson Valley Renegades batting - Pitching for Tri-City ValleyCats : LHP Jason Mitchell
|
|
Batting: RHB Joe Hartigan
|
0-0: Ball 1-0: Foul Ball, location: 2F 1-1: Ball 2-1: Called Strike 2-2: SINGLE (Groundball, 4MD, EV 97.5 MPH)
|
|
Batting: RHB Alex Koral
|
0-0: Ball 1-0: Called Strike 1-1: Foul Ball, location: 2F 1-2: Strikes out swinging
|
|
Batting: SHB Joshua Jackson
|
0-0: Foul Ball, location: 2F 0-1: Called Strike 0-2: Foul Ball, location: 2F 0-2: Strikes out swinging
|
|
Batting: RHB Mikey Sano
|
0-0: Foul Ball, location: 2F 0-1: Ball 1-1: Swinging Strike 1-2: Ball 2-2: Ball 3-2: Strikes out looking
|
| Top of the 3rd over - 0 runs, 1 hit, 0 errors, 1 left on base; Hudson Valley 2 - Tri-City 3 |
| BOTTOM OF THE 3RD |
|
Tri-City ValleyCats batting - Pitching for Hudson Valley Renegades : LHP Kazuyoshi Miyazaki
|
|
Batting: RHB Keith Goodwin
|
0-0: Swinging Strike 0-1: Ball 1-1: Ball 2-1: Fly out, F8 (Flyball, 78XD, EV 83.8 MPH)
|
|
Batting: RHB Dave Gallegos
|
0-0: Ground out 5-3 (Groundball, 56, EV 100.0 MPH)
|
|
Batting: SHB Terciero Ortiz
|
0-0: Ground out 1-3 (Groundball, 34S, EV 65.0 MPH)
|
| Bottom of the 3rd over - 0 runs, 0 hits, 0 errors, 0 left on base; Hudson Valley 2 - Tri-City 3 |
| TOP OF THE 4TH |
|
Hudson Valley Renegades batting - Pitching for Tri-City ValleyCats : LHP Jason Mitchell
|
|
Batting: LHB Jonathan Spino
|
0-0: SOLO HOME RUN (Flyball, 89XD, EV 101.9 MPH), Distance : 382 ft
|
|
Batting: RHB Chris Glavin
|
0-0: Ball 1-0: Swinging Strike 1-1: Ball 2-1: Ball 3-1: Foul Ball, location: 2F 3-2: Base on Balls
|
|
Batting: RHB Greg Grayson
|
0-0: Ball Chris Glavin steals 2nd, throwing error, E2 Chris Glavin to third 1-0: Swinging Strike 1-1: Ball 2-1: Foul Ball, location: 2F 2-2: Strikes out swinging
|
|
Batting: RHB Wan-ling Zhu
|
0-0: Called Strike 0-1: Foul Ball, location: 2F 0-2: Strikes out looking
|
|
Batting: RHB Kunizo Yanagisawa
|
0-0: Ball 1-0: Hit by Pitch
|
|
Batting: RHB Joe Hartigan
|
0-0: Ball 1-0: Foul Ball, location: 2F 1-1: Ground out 5-3 (Groundball, 56S, EV 83.8 MPH)
|
| Top of the 4th over - 1 run, 1 hit, 1 error, 2 left on base; Hudson Valley 3 - Tri-City 3 |
| BOTTOM OF THE 4TH |
|
Tri-City ValleyCats batting - Pitching for Hudson Valley Renegades : LHP Kazuyoshi Miyazaki
|
|
Batting: LHB Tomas de Zeeuw
|
0-0: Ball 1-0: Ball 2-0: Ball 3-0: Called Strike 3-1: Foul Ball, location: 2F 3-2: Base on Balls
|
|
Batting: LHB Lu-po-teh Zhou
|
0-0: Ball 1-0: Ground out 4-3 (Groundball, 34S, EV 87.5 MPH) Tomas de Zeeuw to second
|
|
Batting: SHB Benoît Morin
|
0-0: Ball 1-0: Ball 2-0: Called Strike 2-1: Ball 3-1: Ground out 4-3 (Groundball, 4S, EV 90.0 MPH) Tomas de Zeeuw to third
|
|
Batting: RHB Lamar Thornton
|
0-0: Ball 1-0: Ball 2-0: Ball 3-0: Base on Balls
|
|
Batting: RHB Yi-lin Niu
|
0-0: Ball 1-0: Fielders Choice at 2nd, 6-4 (Groundball, 6, EV 107.5 MPH)
|
| Bottom of the 4th over - 0 runs, 0 hits, 0 errors, 2 left on base; Hudson Valley 3 - Tri-City 3 |
| TOP OF THE 5TH |
|
Hudson Valley Renegades batting - Pitching for Tri-City ValleyCats : LHP Jason Mitchell
|
|
Batting: RHB Alex Koral
|
0-0: Foul Ball, location: 2F 0-1: Foul Ball, location: 2F 0-2: Foul Ball, location: 2F 0-2: Ball 1-2: Foul Ball, location: 2F 1-2: Foul Ball, location: 2F 1-2: Ball 2-2: Foul Ball, location: 2F 2-2: Ground out 6-3 (Groundball, P, EV 85.6 MPH)
|
|
Pitching: RHP Francisco Tejada
|
|
|
Batting: SHB Joshua Jackson
|
0-0: Ball 1-0: Fly out, F7 (Flyball, 78M, EV 82.5 MPH)
|
|
Batting: RHB Mikey Sano
|
0-0: Ball 1-0: Foul Ball, location: 2F 1-1: Foul Ball, location: 2F 1-2: Ball 2-2: Ground out 4-3 (Groundball, 34, EV 91.2 MPH)
|
| Top of the 5th over - 0 runs, 0 hits, 0 errors, 0 left on base; Hudson Valley 3 - Tri-City 3 |
| BOTTOM OF THE 5TH |
|
Tri-City ValleyCats batting - Pitching for Hudson Valley Renegades : LHP Kazuyoshi Miyazaki
|
|
Batting: RHB Pat McCoy
|
0-0: Called Strike 0-1: Foul Ball, location: 2F 0-2: Strikes out swinging
|
|
Batting: RHB Keith Goodwin
|
0-0: Ball 1-0: Ground out 6-3 (Groundball, 6S, EV 91.9 MPH)
|
|
Batting: RHB Dave Gallegos
|
0-0: Foul Ball, location: 2F 0-1: SINGLE (Groundball, 3D, EV 96.9 MPH)
|
|
Batting: SHB Terciero Ortiz
|
0-0: Ball 1-0: Fly out, F9 (Line Drive, 9S, EV 93.1 MPH)
|
| Bottom of the 5th over - 0 runs, 1 hit, 0 errors, 1 left on base; Hudson Valley 3 - Tri-City 3 |
| TOP OF THE 6TH |
|
Hudson Valley Renegades batting - Pitching for Tri-City ValleyCats : RHP Francisco Tejada
|
|
Batting: LHB Jonathan Spino
|
0-0: Ball 1-0: Foul Ball, location: 2F 1-1: SINGLE (Line Drive, 3D, EV 105.6 MPH)
|
|
Batting: RHB Chris Glavin
|
|
|
Pinch Hitting: LHB Mario Ocana
|
0-0: Called Strike Jonathan Spino steals 2nd base 0-1: Ball 1-1: Ball 2-1: Fly out, F5 (Popup, 25, EV 78.8 MPH)
|
|
Batting: RHB Greg Grayson
|
0-0: Called Strike 0-1: Ball Jonathan Spino steals 3rd base (no throw) 1-1: Swinging Strike 1-2: Ball 2-2: Strikes out looking
|
|
Batting: RHB Wan-ling Zhu
|
0-0: Called Strike 0-1: Ball 1-1: Ball 2-1: Foul Ball, location: 2F 2-2: Foul Ball, location: 2F 2-2: Ball 3-2: Ground out U3 (Groundball, 34S, EV 78.1 MPH)
|
| Top of the 6th over - 0 runs, 1 hit, 0 errors, 1 left on base; Hudson Valley 3 - Tri-City 3 |
| BOTTOM OF THE 6TH |
|
Tri-City ValleyCats batting - Pitching for Hudson Valley Renegades : LHP Kazuyoshi Miyazaki
|
|
Now at 3B: Mario Ocana
|
|
|
Batting: LHB Tomas de Zeeuw
|
0-0: Foul Ball, location: 2F 0-1: Called Strike 0-2: Ball 1-2: Ground out 6-3 (Groundball, 6S, EV 79.4 MPH)
|
|
Batting: LHB Lu-po-teh Zhou
|
0-0: Swinging Strike 0-1: Fly out, F8 (Line Drive, 8LD, EV 92.5 MPH)
|
|
Batting: SHB Benoît Morin
|
0-0: Foul Ball, location: 2F 0-1: Called Strike 0-2: Ball 1-2: SINGLE (Line Drive, 9LS, EV 101.9 MPH)
|
|
Batting: RHB Lamar Thornton
|
0-0: Ball 1-0: Foul Ball, location: 2F 1-1: Foul Ball, location: 2F 1-2: Ball 2-2: Strikes out swinging
|
| Bottom of the 6th over - 0 runs, 1 hit, 0 errors, 1 left on base; Hudson Valley 3 - Tri-City 3 |
| TOP OF THE 7TH |
|
Hudson Valley Renegades batting - Pitching for Tri-City ValleyCats : RHP Francisco Tejada
|
|
Batting: RHB Kunizo Yanagisawa
|
0-0: Foul Ball, location: 2F 0-1: Ball 1-1: Fly out, F3 (Popup, 3, EV 65.0 MPH)
|
|
Batting: RHB Joe Hartigan
|
0-0: Ball 1-0: Foul Ball, location: 2F 1-1: Ball 2-1: Foul Ball, location: 2F 2-2: Ball 3-2: Foul Ball, location: 2F 3-2: Strikes out swinging
|
|
Pitching: RHP Kevin Zika
|
|
|
Batting: RHB Alex Koral
|
0-0: Called Strike 0-1: Ball 1-1: Ground out 4-3 (Groundball, 4, EV 91.2 MPH)
|
| Top of the 7th over - 0 runs, 0 hits, 0 errors, 0 left on base; Hudson Valley 3 - Tri-City 3 |
| BOTTOM OF THE 7TH |
|
Tri-City ValleyCats batting - Pitching for Hudson Valley Renegades : LHP Kazuyoshi Miyazaki
|
|
Batting: RHB Yi-lin Niu
|
0-0: Ball 1-0: Ground out 3-1 (Groundball, 34, EV 101.2 MPH)
|
|
Batting: RHB Pat McCoy
|
0-0: Ball 1-0: Hit by Pitch
|
|
Batting: RHB Keith Goodwin
|
0-0: SINGLE (Line Drive, 56D, EV 95.0 MPH) Pat McCoy to second
|
|
Batting: RHB Dave Gallegos
|
0-0: Called Strike 0-1: Called Strike 0-2: Foul Ball, location: 2F 0-2: DOUBLE (Groundball, 5L, EV 103.8 MPH) Pat McCoy scores Keith Goodwin to third
|
|
Pitching: LHP John Sceviour
|
|
|
Batting: SHB Terciero Ortiz
|
0-0: Foul Ball, location: 2F 0-1: Ball 1-1: Foul Ball, location: 2F 1-2: Strikes out looking
|
|
Batting: LHB Tomas de Zeeuw
|
0-0: Ball 1-0: Ball 2-0: Ball 3-0: Base on Balls
|
|
Batting: LHB Lu-po-teh Zhou
|
0-0: Foul Ball, location: 2F 0-1: Ball 1-1: Ball 2-1: Ball 3-1: Foul Ball, location: 2F 3-2: Ground out 4-3 (Groundball, 4, EV 88.1 MPH)
|
| Bottom of the 7th over - 1 run, 2 hits, 0 errors, 3 left on base; Hudson Valley 3 - Tri-City 4 |
| TOP OF THE 8TH |
|
Hudson Valley Renegades batting - Pitching for Tri-City ValleyCats : RHP Kevin Zika
|
|
Batting: SHB Joshua Jackson
|
0-0: Called Strike 0-1: Ball 1-1: Ground out 1-3 (Groundball, 34S, EV 63.1 MPH)
|
|
Batting: RHB Mikey Sano
|
0-0: Swinging Strike 0-1: Ball 1-1: Foul Ball, location: 2F 1-2: Ball 2-2: Foul Ball, location: 2F 2-2: Strikes out swinging
|
|
Batting: LHB Jonathan Spino
|
0-0: Ball 1-0: Foul Ball, location: 2F 1-1: Swinging Strike 1-2: Ball 2-2: Ground out 5-3 (Groundball, 5, EV 80.6 MPH)
|
| Top of the 8th over - 0 runs, 0 hits, 0 errors, 0 left on base; Hudson Valley 3 - Tri-City 4 |
| BOTTOM OF THE 8TH |
|
Tri-City ValleyCats batting - Pitching for Hudson Valley Renegades : LHP John Sceviour
|
|
Batting: SHB Benoît Morin
|
0-0: Ball 1-0: Ball 2-0: Called Strike 2-1: Ball 3-1: Called Strike 3-2: Base on Balls
|
|
Pitching: RHP Matt Wicker
|
|
|
Batting: RHB Lamar Thornton
|
0-0: Called Strike 0-1: Foul Ball, location: 2F 0-2: Ball 1-2: SINGLE (Groundball, 34D, EV 107.5 MPH) Benoît Morin to second Runner from 2nd tries for 3rd, SAFE, throw by RF made to third
|
|
Batting: RHB Yi-lin Niu
|
0-0: Called Strike 0-1: Ground out 6-3 (Groundball, 6M, EV 88.1 MPH) Lamar Thornton to second
|
|
Batting: RHB Pat McCoy
|
0-0: Intentional Walk
|
|
Batting: RHB Keith Goodwin
|
0-0: SINGLE (Groundball, 34D, EV 101.9 MPH) Benoît Morin scores Lamar Thornton to third Pat McCoy to second
|
|
Batting: RHB Dave Gallegos
|
0-0: Grounds into fielders choice 6-2 (Groundball, 6, EV 108.1 MPH) Pat McCoy to third Keith Goodwin to second
|
|
Batting: SHB Terciero Ortiz
|
0-0: Ball 1-0: Foul Ball, location: 2F 1-1: Foul Ball, location: 2F 1-2: Ball 2-2: Strikes out looking
|
| Bottom of the 8th over - 1 run, 2 hits, 0 errors, 3 left on base; Hudson Valley 3 - Tri-City 5 |
| TOP OF THE 9TH |
|
Hudson Valley Renegades batting - Pitching for Tri-City ValleyCats : RHP Kevin Zika
|
|
Pitching: LHP Joey Callanta
|
|
|
Batting: LHB Mario Ocana
|
0-0: SOLO HOME RUN (Flyball, 9D, EV 101.9 MPH), Distance : 389 ft
|
|
Pinch Hitting: RHB Octavio Cuevas
|
0-0: Called Strike 0-1: Ground out 6-3 (Groundball, 6, EV 96.9 MPH)
|
|
Batting: RHB Wan-ling Zhu
|
0-0: Foul Ball, location: 2F 0-1: DOUBLE (Line Drive, 89XD, EV 103.1 MPH)
|
|
Batting: RHB Kunizo Yanagisawa
|
0-0: Called Strike 0-1: Swinging Strike 0-2: Ball 1-2: Ball 2-2: Ball 3-2: Base on Balls
|
|
Batting: RHB Joe Hartigan
|
0-0: Foul Ball, location: 2F 0-1: Foul Ball, location: 2F 0-2: Grounds into double play, 6-4-3 (Groundball, 6, EV 103.1 MPH)
|
| Top of the 9th over - 1 run, 2 hits, 0 errors, 1 left on base; Hudson Valley 4 - Tri-City 5 |
|